 Dungeon Crawl Stone Soup version 0.23-a0-164-g7711e57 (webtiles) character file.

0 glosham the Ducker (level 1, -3/10 HPs)
             Began as a Felid Abyssal Knight on Sept 10, 2018.
             Was a Follower of Lugonu.
             Killed from afar by an acid dragon (shapeshifter) (6 damage)
             ... with a splash of acid
             ... on level 1 of the Abyss.
             The game lasted 00:04:06 (217 turns).

glosham the Ducker (Felid Abyssal Knight)            Turns: 217, Time: 00:04:07

Health: -3/10      AC:  1    Str:  8    XL:     1   Next: 0%
Magic:  3/3        EV: 18    Int: 13    God:    Lugonu [*.....]
Gold:   9          SH:  0    Dex: 15    Spells: 0/0 levels left
                                        Lives:  0   Deaths: 0

rFire    . . .     SeeInvis +     - Unarmed
rCold    . . .     Gourm    .   (shield unavailable)
rNeg     . . .     Faith    .   (armour unavailable)
rPois    .         Spirit   .   (helmet unavailable)
rElec    .         Reflect  .   (cloak unavailable)
rCorr    .         Harm     .   (gloves unavailable)
MR       .....                  (boots unavailable)
Stlth    ++........             (no amulet)
HPRegen  0.03/turn              (no ring)
MPRegen  0.08/turn              (no ring)

@: quick
A: very small, no armour, no weapons or thrown items, stealth, claws 1, fangs 3,
see invisible, carnivore, speed 1, shaggy fur 1, slow metabolism 1, sharp paws
a: Depart the Abyss, Renounce Religion


You were on level 1 of the Abyss.
You worshipped Lugonu.
Lugonu was aware of your devotion.
You were not hungry.

You visited 0 branches of the dungeon, and saw 0 of its levels.
You visited the Abyss 1 time.

You collected 9 gold pieces.

Inventory:

Scrolls
 b - a scroll of identify
Comestibles
 a - a ration


   Skills:
 - Level 3.0 Fighting
 - Level 3.2 Dodging
 * Level 0.0 Stealth
 - Level 2.0 Unarmed Combat
 - Level 1.7 Invocations


You couldn't memorise any spells.
You didn't know any spells.
Your spell library was empty.

Dungeon Overview and Level Annotations

Branches:
Dungeon (0/15)

Altars:


Innate Abilities, Weirdness & Mutations

You cannot wear armour.
You are incapable of wielding weapons or throwing items.
Your paws allow you to move quietly. (Stealth)
You have sharp claws.
You have razor-sharp teeth.
You have supernaturally acute eyesight. (SInv)
You are carnivorous and can eat meat at any time.
You cover ground quickly.
You are covered in fur. (AC +1)
You have a slow metabolism.
Your sharp claws are effective at attacking unaware monsters.


Message History

The starcursed mass shrieks in your mind.
A small abomination comes into view.
A small abomination comes into view.
The quasit bites you but does no damage.
The quasit claws you but does no damage.
The quasit claws you.
* * * LOW HITPOINT WARNING * * *
Tentacles burst from the starspawn's body! 2 starspawn tentacles come into view.
The starspawn tentacle moves out of view.
Found a hide-covered altar of Uskayaw.
A wretched star comes into view.
A large abomination comes into view.
A ynoxinul comes into view.
A shadow comes into view.
A chaos spawn comes into view.
A small abomination comes into view.
The small abomination moves out of view.
Found a scroll labeled SUPNIF VEBYTH.
The ynoxinul bellows!
The shadow slips into darkness.
The shadow flickers and vanishes for a moment.
You see here a scroll labeled SUPNIF VEBYTH.
As you read the scroll labeled SUPNIF VEBYTH, it crumbles to dust.
You assume a fearsome visage.
The small abomination is unaffected.
The shadow is unaffected.
The tentacled starspawn is unaffected.
The quasit is unaffected.
It was a scroll of fear.
The quasit completely misses you. The quasit closely misses you.
The quasit barely misses you.
Tentacles burst from the starspawn's body! 2 starspawn tentacles come into view.
A human comes into view.
The quasit closely misses you. The quasit misses you. x2
The chaos spawn hisses angrily.
The ynoxinul gestures.
The human changes into an acid dragon!
The acid dragon spits acid at you. The splash of acid hits you!
Ouch! That really hurt!
You die...

### .. #.# ..
..#≈≈≈#.#
.##...≈≈≈..# #..#...≈
... .. ..D#.#≈≈≈≈≈#..
##.###..#.#≈≈≈≈≈.#..
#.........≈≈##≈≈... .
#.##.5.#≈#..≈≈..# .
#..@.#.#..≈≈≈≈.# .#
#..#...xW...#≈≈#...##
#.# #......#5##≈.
.#.# #
#...#...#.......#
....##......#W..#...
#.##.#.#.#.X#≈.#...
..# .....###.####.#3
.. ##...###..34..#.
.#.# .#...##3..


You could see an acid dragon shaped shifter, a small abomination, a shadow
(invisible), a quasit and an ufetubus.

Vanquished Creatures (others)
  4 starspawn tentacles (Abyss:1)
4 creatures vanquished.

Notes
Turn   | Place    | Note
-------+----------+-------------------------------------------
     0 | Abyss:1  | glosham the Felid Abyssal Knight began the quest for the
                  | Orb.
     0 | Abyss:1  | Reached XP level 1. HP: 10/10 MP: 3/3
    28 | Abyss:1  | Noticed a starcursed mass
    55 | Abyss:1  | Noticed a large abomination
    66 | Abyss:1  | Noticed a smoke demon
    73 | Abyss:1  | Noticed a neqoxec
   107 | Abyss:1  | Noticed a worldbinder
   108 | Abyss:1  | Noticed a black draconian
   117 | Abyss:1  | Noticed a chaos spawn
   123 | Abyss:1  | Noticed a quasit
   128 | Abyss:1  | Noticed a large abomination
   129 | Abyss:1  | Noticed a starcursed mass
   129 | Abyss:1  | Noticed a small abomination
   139 | Abyss:1  | Noticed a flying skull
   144 | Abyss:1  | Noticed a large abomination
   159 | Abyss:1  | Noticed a tentacled starspawn
   163 | Abyss:1  | Noticed a starcursed mass
   164 | Abyss:1  | Noticed a small abomination
   165 | Abyss:1  | Noticed a small abomination
   180 | Abyss:1  | Found a hide-covered altar of Uskayaw.
   186 | Abyss:1  | Noticed a wretched star
   187 | Abyss:1  | Noticed a large abomination
   190 | Abyss:1  | Noticed a ynoxinul
   194 | Abyss:1  | Noticed a shadow
   195 | Abyss:1  | Noticed a chaos spawn
   198 | Abyss:1  | Noticed a small abomination
   210 | Abyss:1  | Noticed a human
   215 | Abyss:1  | Noticed an acid dragon
   215 | Abyss:1  | a human changed into an acid dragon
   217 | Abyss:1  | Killed from afar by an acid dragon (shapeshifter)

Vault maps used:

Action                   || total
-------------------------++-------
  Use: Scroll            ||     2
Armor: Skin              ||     2
Dodge: Dodged            ||     6

Table legend:
 A = Non-vault XP
 B = Vault XP
 C = Vault XP percentage of total XP
 D = Non-vault monster count
 E = Vault monster count
 F = Vault count percentage of total count
                 A         B        C        D         E       F
            +---------+---------+-------+---------+---------+-------
      Total |       0 |       0 |   N/A |       0 |       0 |  -nan
            +---------+---------+-------+---------+---------+-------
            +---------+---------+-------+---------+---------+-------

Table legend:
 A = Turns spent in this place as a percentage of turns spent in the entire game.
 B = Non-inter-level travel turns spent in this place as a percentage of non-inter-level travel turns spent in the entire game.
 C = Inter-level travel turns spent in this place as a percentage of turns spent in this place.
 D = Turns resting spent in this place as a percentage of non-inter-level travel turns spent in this place.
 E = Turns spent auto-exploring this place as a percentage of non-inter-level travel turns spent in this place.
 F = Non-inter-level travel turns spent in this place divided by the number of levels of this place that you've seen.
                   A       B       C       D       E      F
               +-------+-------+-------+-------+-------+----------------------
         Total | 100.0 | 100.0 |   0.0 |   0.0 |   0.0 | 217.0
         Abyss | 100.0 | 100.0 |   0.0 |   0.0 |   0.0 | 217.0
               +-------+-------+-------+-------+-------+----------------------

Vault maps used:
